Map: [ESL] Hard Lead

Players

YoungYakov

  • Race: Zerg Zerg
  • League: Grandmaster
  • Spawn Location: 5:00

SKillous - Winner!

  • Race: Protoss Protoss
  • League: Grandmaster
  • Spawn Location: 11:00

Event: IEM Katowice 2024

VOD

Have the link to the VOD?

Description

Time

  • Played on: Dec. 8, 2023, 12:54 p.m.
  • Length: 11:52

All games in this series

Show
View Real Time Build Order
Export as new Build Order

YoungYakov Zerg 

Build Orders: Hatch First 

Get SALT Encoding   

  12  0:00  Drone  
  13  0:12  Overlord  
  13  0:16  Drone  
  14  0:31  Drone x2  
  16  0:47  Hatchery  
  15  0:51  Drone  
  15  0:55  Drone  
  17  0:58  Drone  
  18  1:09  Extractor  
  17  1:13  Spawning Pool  
  17  1:16  Drone  
  17  1:19  Drone  
  18  1:27  Drone  
  19  1:39  Drone  
  20  1:49  Overlord  
  20  1:59  Queen  
  20  2:00  Zergling x2, Queen  
  20  2:01  Zergling x2  
  26  2:10  Drone  
  26  2:11  Drone  
  26  2:12  Metabolic Boost  
  28  2:21  Drone x2  
  30  2:34  Hatchery  
  30  2:37  Drone  
  30  2:43  Queen  
  32  2:48  Overlord  
  32  2:50  Drone  
  33  2:54  Drone  
  33  2:55  Drone  
  35  3:05  Overlord  
  35  3:06  Queen  
  35  3:09  Drone  
  35  3:10  Drone  
  35  3:12  Drone  
  40  3:14  Drone  
  40  3:16  Drone  
  40  3:19  Drone x2  
  44  3:25  Queen  
  46  3:28  Drone  
  46  3:32  Spore Crawler  
  46  3:34  Drone  
  46  3:39  Evolution Chamber  
  46  3:46  Spore Crawler  
  44  3:48  Drone  
  44  3:49  Drone x3  
  48  3:59  Drone x5  
  53  4:03  Drone  
  53  4:05  Zerg Melee Weapons Level 1  
  53  4:07  Spore Crawler  
  53  4:08  Queen  
  55  4:11  Drone  
  54  4:19  Drone  
  54  4:20  Overlord, Evolution Chamber  
  54  4:21  Drone x3  
  57  4:26  Drone  
  57  4:28  Overlord  
  58  4:35  Overlord x2  
  58  4:46  Zergling x4  
  58  4:47  Zergling x4  
  58  4:50  Drone x2  
  64  4:54  Baneling Nest  
  64  4:59  Drone x3  
  65  5:05  Drone x5  
  68  5:12  Zergling x12  
  74  5:16  Extractor  
  73  5:22  Drone x5  
  78  5:36  Hatchery  
  78  5:37  Zergling x10  
  78  5:39  Zergling x4  
  78  5:42  Overlord x2  
  82  5:43  Overlord  
  82  5:45  Overlord  
  82  5:52  Baneling x5  
  82  5:54  Lair  
  82  6:00  Queen x2  
  82  6:01  Zergling x14  
  93  6:09  Baneling x3  
  93  6:10  Zergling x2  
  93  6:11  Zergling x2  
  95  6:25  Zergling x16  
  96  6:28  Zergling x2  
  88  6:35  Queen x2  
  88  6:36  Drone  
  88  6:37  Drone x2  
  88  6:39  Roach Warren  
  82  6:43  Zergling x2  
  82  6:44  Zergling x6  
  82  6:45  Baneling x8  
  82  6:46  Baneling x2  
  84  6:52  Zergling x4  
  86  6:54  Queen  
  88  7:02  Zergling x8  
  92  7:10  Drone x7  
  92  7:11  Queen x2  
  92  7:14  Drone x3  
  105  7:17  Queen  
  105  7:20  Baneling x2  
  105  7:21  Baneling  
  105  7:22  Overlord  
  107  7:25  Roach x3  
  107  7:26  Roach x3  
  119  7:34  Overlord x2  
  119  7:38  Overlord x3  
  119  7:40  Queen  
  119  7:41  Extractor  
  119  7:42  Extractor  
  114  7:45  Ravager  
  114  7:47  Queen  
  110  7:55  Roach x4  
  110  7:56  Zergling x4  
  110  7:57  Zergling x14  
  123  8:06  Roach x2  
  123  8:07  Zergling x4  
  123  8:11  Drone x2  
  123  8:12  Zergling x4  
  133  8:19  Zergling x10  
  138  8:22  Extractor  
  138  8:23  Zergling x4  
  138  8:24  Extractor  
  138  8:26  Centrifugal Hooks  
  138  8:27  Hatchery  
  138  8:32  Roach x2  
  141  8:38  Overlord  
  153  8:41  Zergling x8, Roach x5, Hatchery  
  153  8:43  Baneling  
  153  8:44  Baneling x4  
  153  8:45  Overlord  
  153  8:46  Zergling x6, Overlord  
  159  8:51  Zergling x2  
  159  8:52  Zergling x6  
  163  8:56  Glial Reconstitution  
  163  9:01  Zergling x4  
  164  9:05  Zergling x4, Extractor, Zerg Melee Weapons Level 2  
  164  9:06  Extractor  
  164  9:10  Drone x2  
  164  9:12  Drone  
  164  9:13  Drone x2  
  164  9:14  Drone  
  164  9:15  Baneling x2  
  164  9:16  Roach x2  
  174  9:19  Zergling x14  
  181  9:27  Zergling x2  
  181  9:28  Zergling x8  
  180  9:39  Roach x5  
  180  9:40  Zergling x6, Roach  
  180  9:44  Baneling x7  
  191  9:48  Zergling x14  
  198  10:01  Baneling x12  
  198  10:06  Zergling x6  
  199  10:08  Extractor  
  199  10:13  Baneling x4  
  199  10:14  Baneling x2  
  183  10:15  Zergling x22  
  190  10:27  Zergling x14  
  186  10:33  Roach  
  186  10:34  Roach x6  
  178  10:41  Roach x5  
  168  10:47  Roach  
  144  10:51  Roach  
  144  10:52  Roach x3  
  135  11:05  Roach  
  135  11:06  Roach x4  
  135  11:07  Ravager x2  
  147  11:13  Zergling x10  
  147  11:14  Zergling x6  
  153  11:18  Ravager x3  
  153  11:19  Zergling x2  
Show
View Real Time Build Order
Export as new Build Order

SKillous Protoss - Winner!

Build Orders: 1 Gate Expand, Oracle Opening, Archon Immortal 

Get SALT Encoding   

  12  0:00  Probe  
  13  0:13  Probe  
  14  0:17  Pylon  
  14  0:25  Probe (Chrono Boost)  
  15  0:38  Gateway, Probe (Chrono Boost)  
  15  0:42  Assimilator  
  16  0:46  Probe (Chrono Boost)  
  17  0:53  Probe  
  18  1:05  Probe  
  19  1:17  Probe  
  20  1:24  Nexus  
  20  1:34  Cybernetics Core  
  20  1:37  Probe  
  21  1:45  Assimilator  
  21  1:49  Probe  
  21  1:53  Pylon  
  22  2:01  Probe  
  23  2:08  Adept (Chrono Boost)  
  23  2:13  Probe  
  23  2:15  Stargate  
  26  2:24  Warp Gate  
  26  2:26  Probe (Chrono Boost)  
  27  2:31  Adept  
  27  2:36  Probe (Chrono Boost)  
  30  2:43  Probe (Chrono Boost)  
  31  2:46  Probe (Chrono Boost)  
  31  2:50  Probe (Chrono Boost)  
  31  2:51  Probe (Chrono Boost)  
  33  2:55  Oracle (Chrono Boost)  
  37  3:00  Pylon  
  37  3:02  Probe  
  37  3:04  Probe  
  39  3:07  Zealot  
  41  3:14  Probe  
  41  3:16  Probe  
  43  3:23  Oracle (Chrono Boost)  
  43  3:26  Probe  
  47  3:29  Gateway, Probe  
  48  3:38  Probe  
  49  3:41  Probe, Pylon  
  50  3:50  Probe  
  50  3:55  Nexus, Oracle (Chrono Boost)  
  51  4:00  Probe  
  55  4:05  Probe  
  55  4:07  Assimilator  
  55  4:09  Assimilator  
  56  4:10  Pylon  
  56  4:12  Probe  
  57  4:17  Probe  
  57  4:18  Stalker  
  60  4:25  Probe  
  60  4:29  Twilight Council  
  60  4:30  Probe, Forge  
  62  4:37  Probe  
  63  4:42  Probe  
  64  4:48  Gateway x2  
  64  4:49  Probe  
  65  4:54  Probe  
  65  4:56  Charge (Chrono Boost)  
  65  4:59  Gateway x2, Protoss Ground Weapons Level 1 (Chrono Boost)  
  66  5:01  Probe  
  66  5:06  Probe  
  66  5:07  Probe  
  69  5:13  Probe (Chrono Boost)  
  66  5:16  Templar Archives, Shield Battery  
  66  5:20  Probe (Chrono Boost)  
  68  5:22  Probe (Chrono Boost)  
  68  5:26  Pylon  
  69  5:30  Stalker  
  69  5:31  Probe (Chrono Boost)  
  69  5:34  Probe (Chrono Boost)  
  73  5:35  Probe (Chrono Boost)  
  73  5:41  Zealot, Probe x2  
  77  5:43  Zealot x2, Pylon  
  77  5:45  Probe  
  82  5:51  Assimilator  
  82  5:53  Zealot, Assimilator, Probe  
  82  5:56  Pylon  
  85  5:57  Probe  
  85  6:01  High Templar x2, Shield Battery  
  90  6:07  Archon  
  90  6:09  Zealot  
  92  6:11  High Templar x2  
  92  6:12  Probe x2  
  92  6:15  Archon  
  92  6:16  Probe  
  99  6:24  Probe  
  96  6:26  Probe  
  96  6:27  Zealot  
  96  6:28  Probe  
  96  6:35  Zealot x3  
  96  6:36  Protoss Ground Weapons Level 2 (Chrono Boost)  
  99  6:44  Zealot x2  
  99  6:45  Blink  
  101  6:47  Robotics Facility  
  101  6:48  Forge  
  101  6:52  Zealot  
  103  6:57  Nexus, High Templar x2, Zealot  
  103  6:58  Pylon  
  109  7:01  Archon  
  109  7:16  Probe x3  
  109  7:18  Pylon  
  109  7:19  Pylon  
  109  7:20  Pylon  
  109  7:21  High Templar x2  
  116  7:26  Pylon  
  116  7:28  Probe  
  116  7:29  Archon  
  117  7:33  Protoss Shields Level 1 (Chrono Boost)  
  113  7:37  Probe  
  113  7:39  Zealot x4  
  113  7:42  Probe  
  113  7:43  Probe  
  120  7:47  Pylon  
  116  7:53  Zealot  
  116  7:57  Warp Prism  
  120  7:59  Gateway x3  
  120  8:00  Probe  
  120  8:01  Gateway  
  120  8:02  Gateway  
  120  8:03  Gateway  
  120  8:05  Probe  
  114  8:07  Probe  
  114  8:08  Robotics Facility  
  114  8:09  Probe  
  114  8:11  Shield Battery  
  116  8:14  Pylon  
  116  8:15  High Templar x2  
  116  8:16  High Templar x2  
  116  8:17  Probe  
  116  8:19  Probe x2  
  127  8:20  Archon x2  
  127  8:23  Zealot  
  127  8:24  Zealot  
  131  8:30  Assimilator, Probe x2  
  131  8:33  Protoss Ground Weapons Level 3 (Chrono Boost)  
  131  8:34  Assimilator, Photon Cannon  
  133  8:36  Immortal (Chrono Boost)  
  133  8:40  Pylon  
  137  8:52  High Templar x2  
  141  8:55  Zealot x3  
  141  8:58  Nexus  
  141  8:59  Archon, Pylon  
  141  9:01  Immortal (Chrono Boost)  
  143  9:04  Photon Cannon  
  143  9:12  Immortal (Chrono Boost)  
  143  9:14  Zealot x2  
  143  9:15  Zealot x2  
  143  9:16  Sentry, High Templar x2  
  161  9:19  Photon Cannon  
  161  9:20  Archon  
  161  9:29  Zealot x5  
  165  9:32  Shield Battery  
  165  9:34  Photon Cannon  
  165  9:42  Zealot x3  
  165  9:44  Protoss Shields Level 2 (Chrono Boost)  
  165  9:45  Assimilator  
  167  9:48  Assimilator  
  167  9:50  Immortal  
  171  9:56  Immortal  
  175  10:01  Zealot  
  175  10:03  High Templar x2  
  175  10:07  Archon  
  165  10:20  Zealot x7  
  165  10:21  Zealot x2  
  183  10:27  High Templar x4  
  161  10:29  Immortal  
  161  10:30  Zealot  
  161  10:31  Zealot x5, Archon  
  161  10:32  Archon  
  159  10:36  Probe  
  159  10:37  Immortal (Chrono Boost)  
  148  10:44  Probe x3  
  133  10:51  Zealot x8  
  133  10:55  Probe  
  150  10:57  Probe  
  150  10:58  Probe  
  150  11:04  Stalker x4  
  150  11:07  Immortal (Chrono Boost)  
  162  11:12  Stalker x4  
  162  11:15  High Templar, Stalker  
  162  11:17  High Templar, Stalker  
  178  11:21  Archon  
  172  11:33  Zealot x4  
  160  11:50  Zealot x6  

Tags
 
Add a new tag
Caveats
  • Supply blocks, unpowered buildings, or Contaminate may cause inaccurate times.
  • Supply counts are checked every 10 seconds.